 Dungeon Crawl Stone Soup version 0.31-a0-234-gad7ace16ef (webtiles) character file.

Game seed: 15738712742996014296

98 qw the Shooter (level 4, 0/36 HPs)
             Began as a Minotaur Hexslinger on July 9, 2023.
             Slain by an orc warrior
             ... wielding a +0 battleaxe of venom
              (3 damage)
             ... on level 3 of the Dungeon.
             The game lasted 00:00:39 (2386 turns).

qw the Shooter (Minotaur Hexslinger)                Turns: 2386, Time: 00:00:39

Health: 0/36       AC:  3    Str: 12    XL:     4   Next: 44%
Magic:  4/4        EV: 12    Int: 10    God:
Gold:   42         SH:  5    Dex: 15    Spells: 4/5 levels left

rFire   . . .        Y - +1 sling
rCold   . . .        (no shield)
rNeg    . . .        o - +0 leather armour
rPois   +            (helmet restricted)
rElec   .            (no cloak)
rCorr   .            (no gloves)
SInv    .            (no boots)
Will    .....        a - amulet of reflection
Stlth   +            h - ring of poison resistance
HPRegen 0.26/turn    (no ring)
MPRegen 0.09/turn

%: reflection
@: lethally poisoned (0 -> -6)
A: horns 2, retaliatory headbutt
a: no special abilities


You were on level 3 of the Dungeon.
You visited 1 branch of the dungeon, and saw 3 of its levels.

You collected 136 gold pieces.
You spent 94 gold pieces at shops.


Innate Abilities, Weirdness & Mutations

You have a pair of horns on your head.
You reflexively headbutt those who attack you in melee.


   Skills:
 + Level 2.0 Fighting
 - Level 5.0 Ranged Weapons
 - Level 2.1 Dodging
 - Level 1.0 Spellcasting
 - Level 2.0 Hexes


You had 4 spell levels left.
You knew the following spells:

 Your Spells              Type           Power      Damage    Failure   Level
a - Slow                  Hex            16%        N/A       19%         1

Your spell library contained the following spells:

 Spells                   Type           Power      Damage    Failure   Level
 Inner Flame              Hex/Fire       2%         N/A       65%         3
 Portal Projectile        Hex/Tloc       4%         N/A       65%         3
 Cause Fear               Hex            2%         N/A       88%         4

Inventory:

Hand Weapons
 Y - a +1 sling (weapon)
Armour
 c - a +0 ring mail
 o - a +0 leather armour (worn)
Jewellery
 a - an amulet of reflection (around neck)
 f - a ring of fire
 h - a ring of poison resistance (left hand)
Scrolls
 e - a scroll of identify
 k - a scroll of fear {unknown}
Potions
 b - a potion of invisibility {unknown}
 d - a potion of enlightenment
 g - a potion of berserk rage {unknown}
 i - a potion of mutation {unknown}
 j - a potion of cancellation {unknown}
 l - a potion of haste {unknown}
 n - 2 potions of curing

Dungeon Overview and Level Annotations

Branches:
Dungeon (3/15)

Altars:
Vehumet

Shops:
D:2 ?:*   D:3 (

Annotations:
D:2 1 runed translucent door, Crazy Yiuf


Message History

The sling bullet barely misses the orc warrior.
You shoot a sling bullet. The sling bullet hits the orc warrior.
The orc warrior is lightly wounded.
You shoot a sling bullet. The sling bullet hits the orc warrior.
The orc warrior is moderately wounded.
The orc warrior hits you with a +0 battleaxe of venom.
The orc misses you. You furiously retaliate!
You headbutt the orc. You shoot a sling bullet. The sling bullet hits the orc.
You kill the orc!
You block the orc warrior's attack.
You shoot a sling bullet.
The sling bullet closely misses the orc warrior.
The orc misses you. You furiously retaliate!
You headbutt the orc.
The orc warrior hits you with a +0 battleaxe of venom!
2382 ||| Stepping ~*~*~tactically~*~*~ (outnumbered).
The orc warrior attacks as you move away!
The orc warrior closely misses you.
You shoot a sling bullet.
The sling bullet closely misses the orc warrior.
The orc warrior hits you with a +0 battleaxe of venom.
You are poisoned.
The orc warrior hits you with a +0 battleaxe of venom.
You shoot a sling bullet. The sling bullet hits the orc warrior.
The orc warrior is moderately wounded.
You feel sick.
The orc warrior hits you with a +0 battleaxe of venom.
You are lethally poisoned!
You shoot a sling bullet.
The sling bullet hits the orc warrior but does no damage.
The orc warrior is moderately wounded.
You feel very sick.
You hear a shout!
The orc warrior closely misses you.
You hear a shout!
You shoot a sling bullet.
The sling bullet hits the orc warrior but does no damage.
The orc warrior is moderately wounded.
You feel sick.
The orc warrior hits you with a +0 battleaxe of venom.
You die...

# #.#.# .... #.#.# #### #
oBo#..##.#.###... ####### #. oo
#......##.## ....).# .###.#
##........# #####.# .o..
#.##...#### ####.## ## #o. #.
##.## #.....####..#o#### #.# ##
#.##..##.....oo@.# #.# #.
#.##..##.###.###.# ##'## #.
#.##..##.# #. #.# ##...## #.
#.##..##.###+###.### ##.....###.
##.....##...+_+.....###.......##.
#...##.##.# #####.#.##.........#.
..........# ### #....'.........'.
#...##.#%.#######...##.........##
##.###.##..........####......##..


You could see an orc warrior, an orc wizard and an orc.

Vanquished Creatures
  Jessica (D:2)
  2 adders (D:2)
  A worm (D:2)
  3 dart slugs
  2 orcs
  4 ball pythons
  4 endoplasms
  4 giant cockroaches
  3 hobgoblins (D:2)
  2 jackals (D:2)
  2 quokkas (D:1)
  4 bats
  4 frilled lizards
  4 goblins
  A kobold (D:2)
  2 rats (D:1)
43 creatures vanquished.

Notes
Turn   | Place    | Note
-------+----------+-------------------------------------------
     0 | D:1      | qw the Minotaur Hexslinger began the quest for the Orb.
     0 | D:1      | Reached XP level 1. HP: 16/16 MP: 1/1
     0 | D:1      | 0 ||| qw: Version: 0.3-a-51-g015441d
     0 | D:1      | 0 ||| qw: Game counter: 4059
     0 | D:1      | 0 ||| qw: Melee chars always use a shield: true
     0 | D:1      | 0 ||| qw: God list: Okawaru
     0 | D:1      | 0 ||| qw: Allow faded altars: false
     0 | D:1      | 0 ||| qw: Do Orc after clearing Dungeon:15 true
     0 | D:1      | 0 ||| qw: Do second Lair branch before Depths: true
     0 | D:1      | 0 ||| qw: Lair rune preference: random
     0 | D:1      | 0 ||| qw: Goals: Normal
     0 | D:1      | 0 ||| PLANNING D:1-11
   237 | D:1      | Reached skill level 3 in Ranged Weapons
   240 | D:1      | Reached XP level 2. HP: 22/23 MP: 2/2
   355 | D:1      | Found a faded altar of an unknown god.
   675 | D:1      | 675 ||| UPGRADING to ring of poison resistance.
   676 | D:1      | 676 ||| READING scroll labelled COSOHE BOLYEWN.
   677 | D:1      | 677 ||| READING scroll labelled CEOLOF CEMOSUIXTA.
   678 | D:1      | 678 ||| DROPPING scroll of poison.
   720 | D:2      | Found Utrusaek's Book Boutique.
   747 | D:2      | Found Loanik's Magic Scroll Shoppe.
   757 | D:2      | 757 ||| SHOPLISTING scroll of enchant weapon (82 gold, have
                  | 35).
   757 | D:2      | 757 ||| BUYING scroll of identify (22 gold).
   757 | D:2      | Bought a scroll of identify for 22 gold pieces
   757 | D:2      | 757 ||| SHOPLISTING scroll of identify (22 gold, have 13).
   769 | D:2      | Reached XP level 3. HP: 29/29 MP: 3/3
   845 | D:2      | Reached skill level 4 in Ranged Weapons
   958 | D:2      | Found a runed translucent door.
   959 | D:2      | Noticed Crazy Yiuf
  1195 | D:2      | Noticed Jessica
  1198 | D:2      | Killed Jessica
  1199 | D:2      | Reached XP level 4. HP: 36/36 MP: 4/4
  1259 | D:2      | HP: 8/36 [orc/+0 flail (3)]
  1433 | D:2      | Found Zuvvu's Assorted Antiques.
  1438 | D:2      | 1438 ||| BUYING 2 orange potions (34 gold).
  1438 | D:2      | Bought 2 orange potions for 34 gold pieces
  1438 | D:2      | 1438 ||| SHOPLISTING large bone ring (95 gold, have 46).
  1438 | D:2      | 1438 ||| BUYING leather armour (38 gold).
  1438 | D:2      | Bought a leather armour for 38 gold pieces
  1438 | D:2      | 1438 ||| SHOPLISTING ring mail (76 gold, have 8).
  1438 | D:2      | 1438 ||| SHOPLISTING scroll labelled NOR PEVUPSYH (19 gold,
                  | have 8).
  1438 | D:2      | 1438 ||| SHOPLISTING scroll labelled ZISHRU DOFIDURU (19
                  | gold, have 8).
  1987 | D:2      | 1987 ||| UPGRADING to +0 leather armour.
  1997 | D:2      | 1997 ||| DROPPING +0 robe.
  1998 | D:2      | 1998 ||| UPGRADING to amulet of reflection.
  2003 | D:2      | 2003 ||| READING scroll labelled UXATSI ZUTOTE.
  2004 | D:2      | 2004 ||| READING scroll labelled SIDECRAWOP.
  2096 | D:2      | 2096 ||| DRINKING 2 yellow potions.
  2097 | D:2      | 2097 ||| DRINKING 3 orange potions.
  2227 | D:3      | Found a radiant altar of Vehumet.
  2258 | D:3      | Found Beism's Weapon Shoppe.
  2316 | D:3      | Reached skill level 5 in Ranged Weapons
  2374 | D:3      | Noticed an orc warrior
  2376 | D:3      | 2376 ||| Stepping ~*~*~tactically~*~*~ (outnumbered).
  2382 | D:3      | 2382 ||| Stepping ~*~*~tactically~*~*~ (outnumbered).
  2384 | D:3      | HP: 9/36 [poisoned by an orc warrior]
  2385 | D:3      | HP: 4/36 [poisoned by an orc warrior]
  2386 | D:3      | Slain by an orc warrior

Levels and vault maps discovered:
D:1:      lemuel_arrival_river_ford, layout_loops_ring,
          dilly_ecumenical_altar_fadedgnrine
D:2:      layout_basic, serial_shops, nicolae_shop_gibbet_a_chance,
          nicolae_shop_just_a_little_nook, shop, corexii_corridor_pit,
          chequers_serial_rivers_micro_b, minmay_pentomino_p2,
          uniq_crazy_yiuf_cottage, uniq_jessica
D:3:      cheibrodos_helix_gallery, layout_loops_corners, lemuel_doored_altar,
          serial_shops, nicolae_shop_bloodbath_and_beyond, uniq_terence

Skill      XL: |  1  2  3  4 |
---------------+-------------+-----
Ranged Weapons | 3 4 5 |  5.0
Fighting       | 2 |  2.0
Dodging        | |  2.1
Spellcasting   | |  1.0
Hexes          | |  2.0

Action                     |  1- 3 |  4- 6 || total
---------------------------+-------+-------++-------
   Fire: Sling             |    69 |    53 ||   122
    Use: Scroll            |     2 |     2 ||     4
         Potion            |       |     2 ||     2
 Armour: Robe              |     5 |     5 ||    10
  Dodge: Dodged            |    18 |    21 ||    39
  Block: Other             |       |     1 ||     1

Table legend:
 A = Non-vault XP
 B = Vault XP
 C = Vault XP percentage of total XP
 D = Non-vault monster count
 E = Vault monster count
 F = Vault count percentage of total count
                 A         B        C        D         E       F
            +---------+---------+-------+---------+---------+-------
      Total |     102 |      39 |  27.7 |      41 |       2 |   4.7
            +---------+---------+-------+---------+---------+-------
        D:1 |      24 |       0 |   0.0 |      15 |       0 |   0.0
        D:2 |      70 |      39 |  35.8 |      22 |       2 |   8.3
        D:3 |       8 |       0 |   0.0 |       4 |       0 |   0.0
            +---------+---------+-------+---------+---------+-------
